 Dungeon Crawl Stone Soup version 0.21-a0-578-gc6e9d75 (webtiles) character file.

34729 graymark the Covert (level 13, 64/64 HPs)
             Began as a Felid Monk on Dec 3, 2017.
             Was the Champion of Ashenzari.
             Quit the game on level 15 of the Dungeon on Dec 18, 2017.
             The game lasted 04:46:02 (36254 turns).

graymark the Covert (Felid Monk)                   Turns: 36254, Time: 04:46:03

Health: 64/64      AC:  6    Str:  7    XL:     13   Next: 43%
Magic:  29/29      EV: 27    Int: 12    God:    Ashenzari [******]
Gold:   371        SH:  0    Dex: 20    Spells: 0/35 levels left
                                        Lives:  0   Deaths: 4

rFire    + + .     SeeInvis +     - Unarmed
rCold    + . .     Gourm    .   (shield unavailable)
rNeg     . . .     Faith    .   (armour unavailable)
rPois    +         Spirit   .   (helmet unavailable)
rElec    .         Reflect  .   (cloak unavailable)
rCorr    .         Harm     .   (gloves unavailable)
MR       +....     Clarity  +   (boots unavailable)
Stlth    ++++++....             e - amulet of regeneration (curse)
HPRegen  0.60/turn              J - ring of Zirioqoi {rPois rF++ Int-5}
MPRegen  0.21/turn              E - +3 ring of protection (curse)

@: quick
A: very small, no armour, no weapons or thrown items, stealth, claws 1, fangs 3,
see invisible, carnivore, speed 1, shaggy fur 3, slow metabolism 1, sharp paws
a: Curse Item, Scrying, Transfer Knowledge, Renounce Religion


You were on level 15 of the Dungeon.
You worshipped Ashenzari.
Ashenzari was exalted by your worship.
You were not hungry.

You visited 3 branches of the dungeon, and saw 23 of its levels.
You also visited: Labyrinth, Sewer, Ossuary and Ice Cave.

You collected 2843 gold pieces.
You spent 2472 gold pieces at shops.

Inventory:

Jewellery
 e - a cursed amulet of regeneration (around neck)
 t - the ring "Jaeh" {rN+ Str+5 Int+4}
   (You bought it in a shop on level 2 of the Orcish Mines)

   [ring of intelligence]

   It affects your strength (+5).
   It affects your intelligence (+4).
   It protects you from negative energy.
 w - the ring of Xuqasm {rC+ Dex+4}
   (You bought it in a shop on level 10 of the Dungeon)

   [ring of dexterity]

   It affects your dexterity (+4).
   It protects you from cold.
 C - a cursed ring of poison resistance
 E - a cursed +3 ring of protection (right paw)
 J - the ring of Zirioqoi (left paw) {rPois rF++ Int-5}
   (You bought it in a shop on level 10 of the Dungeon)

   [ring of poison resistance]

   It affects your intelligence (-5).
   It greatly protects you from fire.
   It protects you from poison.
 R - an uncursed ring of protection from magic
 Y - the ring "Detair" {Ice rElec Dex+5 Stlth+}
   (You found it on level 6 of the Lair of Beasts)

   [ring of ice]

   It enhances your ice magic.
   It affects your dexterity (+5).
   It makes you vulnerable to fire.
   It protects you from cold.
   It insulates you from electricity.
   It makes you more stealthy.
Wands
 o - a wand of iceblast (27)
 y - a wand of paralysis (21)
 z - a wand of polymorph (54)
 D - a wand of random effects (38)
 G - a wand of digging (15)
 L - a wand of disintegration (7)
 S - a wand of acid (7)
Scrolls
 b - 2 scrolls of magic mapping
 d - 5 scrolls of blinking
 h - 4 scrolls of fear
 j - 4 scrolls of fog
 p - 6 scrolls of teleportation
 s - a scroll of immolation
 u - 6 scrolls of amnesia
 x - a scroll of holy word
 H - 3 scrolls of noise
 U - 5 scrolls of identify
 V - 3 scrolls of remove curse
 W - 2 scrolls of vulnerability
Potions
 c - 4 potions of cancellation
 g - 3 potions of brilliance
 i - 13 potions of curing
 k - 6 potions of might
 l - 5 potions of flight
 m - 2 potions of magic
 n - 4 potions of haste
 q - 2 potions of heal wounds
 r - 4 potions of lignification
 v - 5 potions of ambrosia
 A - 3 potions of mutation
 B - 3 potions of invisibility
 K - 2 potions of agility
 N - a potion of berserk rage
 P - a potion of resistance
Books
 M - a book of Burglary

   Spells                             Type                      Level
   a - Swiftness                      Charms/Air                   2
   b - Passwall                       Transmutation/Earth          2
   c - Passage of Golubria            Translocation                4
   d - Lee's Rapid Deconstruction     Earth                        5
   e - Darkness                       Hexes                        6
   f - Invisibility                   Hexes                        6
 T - a book of Summonings

   Spells                             Type                      Level
   a - Recall                         Summoning/Translocation      3
   b - Aura of Abjuration             Summoning                    5
   c - Summon Demon                   Summoning                    5
   d - Summon Forest                  Summoning/Translocation      5
   e - Summon Mana Viper              Hexes/Summoning              5
   f - Shadow Creatures               Summoning                    6
 X - the Disquisition on the Mutagenic Glacier
   (You found it on level 14 of the Dungeon)

   Spells                             Type                      Level
   a - Beastly Appendage              Transmutation                1
   b - Summon Ice Beast               Ice/Summoning                4
   c - Ice Form                       Ice/Transmutation            4
   d - Yara's Violent Unravelling     Hexes/Transmutation          5
   e - Simulacrum                     Ice/Necromancy               6
Miscellaneous
 F - a lightning rod (4/4)
 I - a lamp of fire
 Z - 2 boxes of beasts
Comestibles
 a - 11 rations
 f - 2 rations


   Skills:
 + Level 11.8 Fighting
 - Level 10.1 Dodging
 - Level 13.4 Stealth
 - Level 13.3 Unarmed Combat
 + Level 11.6 Spellcasting
 - Level 7.2(10.3) Conjurations
 - Level 10.0(12.8) Hexes
 + Level 7.2(10.3) Summonings
 + Level 6.9(10.0) Translocations
 - Level 7.2(10.3) Fire Magic
 - Level 8.8(11.7) Evocations


You couldn't memorise any spells.
You knew the following spells:

 Your Spells              Type           Power        Failure   Level  Hunger
a - Throw Flame           Conj/Fire      ####..       1%          2    None
b - Conjure Flame         Conj/Fire      ####....     1%          3    #......
c - Sticky Flame          Conj/Fire      ####....     1%          4    ###....
d - Fireball              Conj/Fire      ####......   4%          5    #####..
e - Ensorcelled Hibernat  Hex/Ice        ###...       1%          2    None
f - Aura of Abjuration    Summ           ####......   4%          5    #####..
g - Summon Forest         Summ/Tloc      ####......   4%          5    #####..
h - Shadow Creatures      Summ           N/A          22%         6    ######.
i - Passage of Golubria   Tloc           N/A          1%          4    ###....


Dungeon Overview and Level Annotations

Branches:
Dungeon (15/15)            Temple (0/1) D:5            Lair (6/6) D:10
 Shoals (0/4) Lair:3       Spider (0/4) Lair:4        Slime (0/5) Lair:6
    Orc (2/2) D:9             Elf (0/3) Orc:2        Vaults (0/5) D:13
 Depths (0/5) D:15

Altars:
Ashenzari
Cheibriados
Dithmenos
Elyvilon
Fedhas
Hepliaklqana
Makhleb
Sif Muna
Trog
Xom
Zin
Beogh
Jiyva

Shops:
D:6 [   D:10 (=([}   Orc:2 =[?!=[(

Annotations:
D:3 darxusza's ghost, weakling DsMo
D:9 exclusion: door
D:14 exclusion: 2 downstairs
Lair:2 urug


Innate Abilities, Weirdness & Mutations

You cannot wear armour.
You are incapable of wielding weapons or throwing items.
Your paws allow you to move quietly. (Stealth)
You have sharp claws.
You have razor-sharp teeth.
You have supernaturally acute eyesight. (SInv)
You are carnivorous and can eat meat at any time.
You cover ground quickly.
Your thick and shaggy fur keeps you warm. (AC +3, rC+)
You have a slow metabolism.
Your sharp claws are effective at attacking unaware monsters.


Message History

You are feeling hungry.
The meliai simulacrum hits you but does no damage.
The meliai simulacrum barely misses you. x2
The meliai simulacrum hits you. The meliai simulacrum freezes you! You resist.
* * * LOW HITPOINT WARNING * * *
The boggart mumbles some strange words.
The boggart blinks!
The cyclops throws a large rock.
The large rock hits you.
* * * LOW HITPOINT WARNING * * *
The large rock dissolves into shadows!
The meliai simulacrum hits you.
* * * LOW HITPOINT WARNING * * *
The meliai simulacrum freezes you! You resist.
You stop ascending the stairs.
You die...
The meliai simulacrum hits you. The meliai simulacrum freezes you! You resist.
The cyclops throws a large rock.
The large rock misses you.
The large rock hits the meliai simulacrum!
The meliai simulacrum vapourises!
You are now level 13!
You rejoin the land of the living...
Are you sure you want to abandon this character and quit the game? (Confirm with "yes".)

.....#{{ , , ,
:....+ ,,, + #.#
* * * .....#, #.#
, ,, ,,,,* ######
,, , #.# ** * **
, ,, ,, #.# ,
,,,, * *, , ,*
#.# ,,,, ,,, * ,
,, #.###.###*****
** * **
#........,,,,,,,*
**** #@# ** **
,,,* * **#.# * *
* *, ,,#.# ** , *
* * ### * , , , ,
* ,,, *,* ,* *,*
, * * ,*,* ***,
,,,* ,, , , ,, ,*
*** * * , ,* *


There were no monsters in sight!

Vanquished Creatures
  Gastronok (D:11)
  Agnes (D:14)
  A stone giant (Orc:2)
  2 dire elephants (Lair:6)
  A minotaur (Lab)
  Snorg (Lair:5)
  A fire dragon (D:14)
  Josephine (D:15)
  2 hydras
  Erolcha (D:10)
  A merfolk avatar (Lair:6)
  2 catoblepae (Lair:4)
  3 centaur warriors
  Erica (D:10)
  4 death yaks (Lair:4)
  7 two-headed ogres
  Urug (Lair:2)
  A tengu warrior (D:15)
  An orc high priest (Orc:2)
  Sonja (D:13)
  Pikel (D:5)
  A necromancer (IceCv)
  A wolf spider zombie (D:14)
  6 ugly things
  2 orc knights
  2 deep elf magi (D:14)
  2 oklob plants (D:14)
  3 orc sorcerers (Orc:2)
  3 manticores
  2 cyclopes
  Psyche (D:8)
  3 black mambas
  22 elephants
  An ice statue (IceCv)
  4 gargoyles (Lab)
  13 spiny frogs
  4 rime drakes
  10 freezing wraiths (IceCv)
  8 komodo dragons
  8 polar bears
  A queen bee (shapeshifter) (D:13)
  8 trolls
  Prince Ribbit (Lair:2)
  5 hornets
  A wind drake (Lair:6)
  Grinder (D:5)
  A hippogriff (shapeshifter) (D:15)
  6 slime creatures (D:12)
  6 dream sheep (Lair:6)
  28 blink frogs
  9 hippogriffs
  Sigmund (D:2)
  4 shadows
  4 redbacks (Lab)
  A spriggan (D:7)
  A wyvern (Lair:5)
  2 wraiths
  62 yaks
  A steam dragon (Lair:4)
  2 basilisks
  5 vampire mosquitoes
  Grum (Lair:1)
  A hungry ghost (D:12)
  Menkaure (D:7)
  A death yak simulacrum (IceCv)
  4 wargs
  A soldier ant (shapeshifter) (D:13)
  A swamp worm (shapeshifter) (D:13)
  6 porcupines
  6 water moccasins
  A hornet zombie (D:12)
  4 sky beasts
  A black bear (D:6)
  A slave (D:5)
  3 eyes of draining
  An eye of draining (shapeshifter) (D:13)
  7 ice beasts
  36 orc warriors
  2 phantoms
  10 ogres
  2 boggarts
  5 centaurs
  15 wolves
  11 crocodiles
  A big kobold (D:12)
  13 bullfrogs
  A wyvern zombie (D:12)
  8 scorpions
  An elephant simulacrum (IceCv)
  8 wights
  5 electric eels
  A jelly (D:14)
  4 centaur zombies
  5 crimson imps
  6 draconian simulacra (IceCv)
  7 hounds
  4 quasits
  5 centaur skeletons
  27 orc priests
  34 orc wizards
  2 bullfrog skeletons (D:5)
  7 iguanas
  12 hell rats (Lair:1)
  12 worker ants
  6 troll simulacra (IceCv)
  A polar bear simulacrum (IceCv)
  A wolf simulacrum (IceCv)
  3 hound skeletons
  12 mummies (Ossuary)
  Robin (D:3)
  A howler monkey skeleton (D:7)
  10 gnolls
  11 adders
  A naga simulacrum (IceCv)
  7 ogre simulacra (IceCv)
  10 river rats (Lair:1)
  6 shadow imps
  12 white imps (IceCv)
  2 adder zombies
  An adder skeleton (D:8)
  6 worms
  3 leopard geckos
  100 orcs
  2 ball pythons
  8 bats
  7 giant cockroaches
  15 goblins
  12 hobgoblins
  12 jackals
  11 quokkas
  9 frilled lizards
  4 gnoll skeletons (Ossuary)
  2 goblin skeletons (Ossuary)
  12 kobolds
  A kobold skeleton (Ossuary)
  A leopard gecko skeleton (D:4)
  An orc skeleton (Ossuary)
  A quokka zombie (D:8)
  18 rats
  11 rat skeletons (Ossuary)
886 creatures vanquished.

Vanquished Creatures (collateral kills)
  An orc knight (Orc:1)
1 creature vanquished.

Vanquished Creatures (others)
  A wizard (D:6)
  A meliai simulacrum (D:15)
  A bush (Lair:6)
  33 fungi
  44 plants
80 creatures vanquished.

Grand Total: 967 creatures vanquished

Notes
Turn   | Place    | Note
-------+----------+-------------------------------------------
     0 | D:1      | graymark the Felid Monk began the quest for the Orb.
     0 | D:1      | Reached XP level 1. HP: 10/10 MP: 2/2
   509 | D:1      | Reached XP level 2. HP: 13/14 MP: 3/3
  1221 | D:2      | Reached XP level 3. HP: 14/17 MP: 4/4
  1910 | D:2      | Noticed Sigmund
  1910 | D:2      | Noticed Robin
  2607 | D:3      | Noticed darxusza's ghost (weakling DsMo)
  2701 | D:3      | Found a glowing drain.
  2705 | Sewer    | Entered a sewer
  2734 | Sewer    | Reached XP level 4. HP: 8/21 MP: 5/5
  2970 | Sewer    | Noticed Purgy
  3139 | D:3      | Found a shattered altar of Ashenzari.
  3156 | D:3      | Became a worshipper of Ashenzari the Shackled
  3156 | D:3      | Reached * piety under Ashenzari
  3156 | D:3      | Reached ** piety under Ashenzari
  3189 | D:3      | Killed Robin
  3500 | D:3      | Noticed an ogre
  3529 | D:3      | Killed an ogre
  3529 | D:3      | Reached skill level 5 in Dodging
  3529 | D:3      | Reached skill level 1 in Spellcasting
  3529 | D:3      | Reached XP level 5. HP: 25/25 MP: 5/7
  3961 | D:4      | Found a sand-covered staircase.
  3966 | Ossuary  | Entered an ossuary
  4115 | Ossuary  | Gained mutation: You are covered in thick fur. (AC +2) [Felid growth]
  4115 | Ossuary  | Reached XP level 6. HP: 28/28 MP: 9/9
  4291 | Ossuary  | Reached skill level 5 in Stealth
  4779 | D:4      | Learned a level 2 spell: Throw Flame
  4783 | D:4      | Learned a level 3 spell: Conjure Flame
  4788 | D:4      | Learned a level 4 spell: Sticky Flame
  4807 | D:4      | Slain by a scorpion
  4808 | D:4      | Reached XP level 5. HP: 0/25 MP: 9/9
  4821 | D:4      | Reached XP level 6. HP: 29/29 MP: 10/10
  5177 | D:4      | Reached skill level 1 in Fire Magic
  5263 | D:4      | Reached *** piety under Ashenzari
  5468 | D:4      | Reached skill level 1 in Conjurations
  5527 | D:4      | Reached XP level 7. HP: 33/33 MP: 11/11
  5796 | D:5      | Entered Level 5 of the Dungeon
  5862 | D:5      | Noticed Grinder
  5973 | D:5      | Noticed Pikel
  6454 | D:5      | Killed Pikel
  6454 | D:5      | Reached XP level 8. HP: 36/36 MP: 12/14
  6531 | D:5      | Found a staircase to the Ecumenical Temple.
  6534 | D:5      | Paralysed by Grinder for 3 turns
  6546 | D:5      | Killed Grinder
  6852 | D:2      | Killed Sigmund
  6992 | D:2      | Found a deep blue altar of Sif Muna.
  7227 | D:5      | Learned a level 5 spell: Fireball
  7368 | D:6      | Found Meddol's Armour Boutique.
  7576 | D:6      | Reached XP level 9. HP: 34/39 MP: 16/16
  7852 | D:6      | Found a burning altar of Makhleb.
  7995 | D:6      | Found a bloodstained altar of Trog.
  7996 | D:6      | Noticed a wizard
  7999 | D:6      | Upgraded the game from 0.21-a0-516-gaaff437 to 0.21-a0-518-g43a1781
  8001 | D:6      | Killed a wizard
  8109 | D:7      | Noticed Menkaure
  8526 | D:7      | Reached **** piety under Ashenzari
  8762 | D:7      | Found a shadowy altar of Dithmenos.
  8763 | D:7      | Found a white marble altar of Elyvilon.
  8765 | D:7      | Found a hazy altar of Hepliaklqana.
  8768 | D:7      | Found a shimmering altar of Xom.
  8858 | D:7      | Reached skill level 5 in Spellcasting
  9027 | D:7      | Killed Menkaure
  9091 | D:8      | Noticed a two-headed ogre
  9099 | D:8      | Killed a two-headed ogre
  9132 | D:8      | Noticed a two-headed ogre
  9145 | D:8      | Killed a two-headed ogre
  9145 | D:8      | Reached skill level 5 in Fighting
  9145 | D:8      | Reached skill level 5 in Conjurations
  9145 | D:8      | Reached skill level 5 in Fire Magic
  9145 | D:8      | Reached XP level 10. HP: 25/44 MP: 13/19
  9185 | D:8      | Found a glowing silver altar of Zin.
  9935 | D:8      | Reached skill level 10 in Stealth
 10107 | D:8      | Noticed Psyche
 10120 | D:8      | Killed Psyche
 10120 | D:8      | Reached skill level 10 in Dodging
 10495 | D:9      | Found a deep blue altar of Sif Muna.
 10654 | D:9      | Noticed a two-headed ogre
 10674 | D:9      | Killed a two-headed ogre
 10674 | D:9      | Reached skill level 1 in Evocations
 10949 | D:9      | Found a burning altar of Makhleb.
 11067 | D:9      | Found a staircase to the Orcish Mines.
 11115 | D:10     | Entered Level 10 of the Dungeon
 11338 | D:10     | Noticed Erolcha
 11357 | D:10     | Killed Erolcha
 11357 | D:10     | Reached XP level 11. HP: 48/48 MP: 11/21
 11426 | D:10     | Upgraded the game from 0.21-a0-518-g43a1781 to 0.21-a0-521-g1cd18d1
 11454 | D:10     | Found a staircase to the Lair.
 11455 | D:10     | Reached ***** piety under Ashenzari
 11516 | D:10     | Found Coruqefa's Antique Armour Shop.
 11765 | D:10     | Found Gobbuboe's Gadget Emporium.
 11772 | D:10     | Noticed a two-headed ogre
 11786 | D:10     | Killed a two-headed ogre
 12001 | D:10     | Noticed Erica
 12049 | D:10     | Killed Erica
 12395 | D:10     | Found Luam's Antique Weapon Shoppe.
 12457 | D:10     | Bought a lamp of fire for 440 gold pieces
 12573 | D:10     | Found Qall's Antique Weapon Shop.
 12715 | D:10     | Found Ticlor's Jewellery Shoppe.
 12850 | Lair:1   | Entered Level 1 of the Lair of Beasts
 12875 | Lair:1   | Found a labyrinth entrance.
 12876 | Lair:1   | Noticed Grum
 12914 | Lair:1   | Killed Grum
 12938 | Lab      | Entered a labyrinth
 14043 | Lab      | HP: 2/50 [poisoned by a redback]
 14049 | Lab      | HP: 2/50 [poisoned by a redback]
 14054 | Lab      | HP: 2/50 [poisoned by a redback]
 14169 | Lab      | Found an exit through the horrors of the Abyss.
 14338 | Lab      | Noticed a minotaur
 14358 | Lab      | Killed a minotaur
 14476 | Lair:1   | Upgraded the game from 0.21-a0-521-g1cd18d1 to 0.21-a0-531-gacddea6
 15278 | Lair:1   | Noticed a four-headed hydra
 15292 | Lair:1   | Killed a four-headed hydra
 15292 | Lair:1   | Reached skill level 5 in Unarmed Combat
 15292 | Lair:1   | Gained mutation: Your thick and shaggy fur keeps you warm. (AC +3, rC+) [Felid growth]
 15292 | Lair:1   | Reached XP level 12. HP: 42/54 MP: 2/24
 15462 | Lair:1   | Reached skill level 5 in Evocations
 16830 | Lair:2   | Noticed Urug
 17484 | Lair:2   | Noticed Prince Ribbit
 17620 | Lair:2   | Killed Prince Ribbit
 17626 | Lair:2   | Found a snail-covered altar of Cheibriados.
 17734 | Lair:2   | Noticed a six-headed hydra
 17800 | Lair:2   | Upgraded the game from 0.21-a0-531-gacddea6 to 0.21-a0-536-gdbbf329
 18127 | Lair:2   | Killed Urug
 18193 | Lair:3   | Reached ****** piety under Ashenzari
 18588 | Lair:3   | Found a staircase to the Shoals.
 19254 | Lair:4   | Reached XP level 13. HP: 50/59 MP: 18/26
 19290 | Lair:4   | Found a frozen archway.
 19310 | Lair:4   | Learned a level 2 spell: Ensorcelled Hibernation
 19314 | IceCv    | Entered an ice cave
 19506 | IceCv    | Reached skill level 1 in Hexes
 19990 | IceCv    | Upgraded the game from 0.21-a0-536-gdbbf329 to 0.21-a0-538-gd16b88a
 20739 | IceCv    | HP: 2/59 [ogre simulacrum (10)]
 20739 | IceCv    | Slain by an ogre simulacrum
 20740 | IceCv    | Reached XP level 12. HP: -4/56 MP: 7/26
 20903 | IceCv    | Found an ancient bone altar of Kikubaaqudgha.
 21286 | Lair:4   | Noticed a death yak
 21287 | Lair:4   | Noticed a death yak
 21288 | Lair:4   | Noticed a death yak
 21321 | Lair:4   | Killed a death yak
 21454 | Lair:4   | Noticed a death yak
 21729 | Lair:4   | Noticed a catoblepas
 21730 | Lair:4   | Found a hole to the Spider Nest.
 21749 | Lair:4   | Killed a catoblepas
 21951 | Lair:4   | Killed a death yak
 22265 | Lair:4   | Noticed a catoblepas
 22299 | Lair:4   | Killed a catoblepas
 22299 | Lair:4   | Reached skill level 5 in Hexes
 22412 | Lair:4   | Killed a death yak
 22412 | Lair:4   | Reached skill level 10 in Unarmed Combat
 22433 | Lair:4   | Killed a death yak
 22849 | Lair:5   | Identified a scroll of acquirement
 22897 | Lair:5   | Reached XP level 13. HP: 41/60 MP: 13/27
 23184 | Lair:5   | Noticed Snorg
 23191 | Lair:5   | Killed Snorg
 23447 | Lair:5   | Learned a level 5 spell: Aura of Abjuration
 23814 | Lair:5   | Reached skill level 1 in Summonings
 24069 | Lair:6   | Entered Level 6 of the Lair of Beasts
 24580 | Lair:5   | Paralysed by a hornet for 1 turns
 25124 | Lair:6   | Noticed a dire elephant
 25139 | Lair:5   | Reached skill level 10 in Fighting
 25139 | Lair:5   | Reached skill level 10 in Spellcasting
 25835 | Lair:6   | Killed a dire elephant
 26649 | Lair:6   | Reached XP level 14. HP: 66/66 MP: 4/29
 26791 | Lair:6   | Upgraded the game from 0.21-a0-538-gd16b88a to 0.21-a0-552-g593960d
 27311 | Lair:6   | Identified the ring "Detair" {Ice rElec Dex+5 Stlth+}
 27928 | Lair:6   | Found a viscous altar of Jiyva.
 27929 | Lair:6   | Found a staircase to the Slime Pits.
 28091 | Orc:1    | Entered Level 1 of the Orcish Mines
 28824 | Orc:2    | Entered Level 2 of the Orcish Mines
 29027 | Orc:2    | Found Letwaeb's Jewellery Shop.
 29133 | Orc:2    | Found Mewokh's Antique Weapon Boutique.
 29435 | Orc:2    | Found Gaott's Antique Armour Boutique.
 29842 | Orc:2    | Found a roughly hewn altar of Beogh.
 29858 | Orc:2    | Found a staircase to the Elven Halls.
 29861 | Orc:2    | Noticed a stone giant
 29868 | Orc:2    | Killed a stone giant
 29868 | Orc:2    | Reached skill level 5 in Summonings
 30265 | Orc:2    | Reached skill level 10 in Hexes
 30581 | Orc:2    | Found Izoskuawu's Magic Scroll Emporium.
 30581 | Orc:2    | Found Joufiseb's Armour Emporium.
 30675 | Orc:2    | Found Alahogg's Jewellery Shoppe.
 30675 | Orc:2    | Found Moiph's Distillery.
 30697 | Orc:2    | Bought a scroll of remove curse for 51 gold pieces
 30697 | Orc:2    | Bought a scroll of remove curse for 51 gold pieces
 30697 | Orc:2    | Bought a scroll of remove curse for 51 gold pieces
 30701 | Orc:2    | Bought the ring "Jaeh" {rN+ Str+5 Int+4} for 876 gold pieces
 30829 | Orc:2    | Bought a scroll of blinking for 127 gold pieces
 30829 | Orc:2    | Bought a scroll of teleportation for 51 gold pieces
 30966 | D:10     | Bought the ring of Zirioqoi {rPois rF++ Int-5} for 374 gold pieces
 30966 | D:10     | Bought the ring of Xuqasm {rC+ Dex+4} for 451 gold pieces
 30979 | D:10     | Learned a level 5 spell: Summon Forest
 31210 | D:11     | Noticed Gastronok
 31215 | D:11     | Killed Gastronok
 31215 | D:11     | Reached skill level 1 in Translocations
 32444 | D:12     | Upgraded the game from 0.21-a0-552-g593960d to 0.21-a0-578-gc6e9d75
 33387 | D:13     | Found a gate to the Vaults.
 33398 | D:13     | Noticed Sonja
 33400 | D:13     | Killed Sonja
 33740 | D:13     | Reached XP level 15. HP: 71/71 MP: 31/31
 34089 | D:13     | Found a roughly hewn altar of Beogh.
 34861 | D:14     | Reached skill level 5 in Translocations
 35330 | D:14     | Noticed Agnes
 35340 | D:14     | Demolished by Agnes
 35341 | D:14     | Reached XP level 14. HP: -18/67 MP: 20/30
 35346 | D:14     | Killed Agnes
 35390 | D:14     | Identified the Disquisition on the Mutagenic Glacier
 35443 | D:14     | Learned a level 6 spell: Shadow Creatures
 35453 | D:14     | Learned a level 4 spell: Passage of Golubria
 35673 | D:14     | Found a blossoming altar of Fedhas.
 35973 | D:15     | Entered Level 15 of the Dungeon
 36159 | D:15     | Noticed Josephine
 36248 | D:15     | Killed Josephine
 36253 | D:15     | Slain by a meliai simulacrum
 36254 | D:15     | Reached XP level 13. HP: 0/64 MP: 13/29
 36254 | D:15     | Quit the game

Vault maps used:
D:1:      minmay_arrival_solitary_statue, roderic_malta_cross,
          minmay_tetromino_s2
D:2:      kennysheep_flooded_box, uniq_sigmund, uniq_robin
D:3:      gup_sewer_entry_bowl, ashenzari_altar_1
D:4:      enter_ossuary_2, first_bread
D:5:      minmay_temple_entry_grid, uniq_grinder, uniq_pikel
D:6:      bloody_makhleb, nicolae_overflow_hidden_temple, serial_shops, shop,
          trog_wizard
D:7:      minitemple, the_bakery, uniq_menkaure
D:8:      kennysheep_mini_moat, grunt_potential, uniq_psyche
D:9:      led_sif_pool, orc_0_dummy, basic_altar, special_room
D:10:     david_lair_generic, serial_bayou, serial_bayou_lagoon_a,
          serial_bayou_pond_c, serial_bayou_pond_a, serial_bayou_shore_b,
          serial_bayou_ford_a, serial_shops, shop, shop, shop_statue,
          kennysheep_mini, shop, uniq_erolcha, uniq_erica
D:11:     uniq_gastronok
D:13:     david_vaults_2, special_room, uniq_sonja
D:14:     abandoned_shop, spider_trap, hangedman_tree_tricks, uniq_agnes
D:15:     grunt_enter_depths_snipers, minivault_11, uniq_josephine
Lair:1:   lemuel_ratsnest, lab_entry_generic, st_stairs_13,
          serial_bayou_lagoon_b, uniq_grum
Lair:2:   basic_altar, uniq_prince_ribbit2, uniq_urug
Lair:3:   minmay_shoals_entry_beasts, lemuel_fruit_fields
Lair:4:   nicolae_spider_entry_non_spiders, portal_ice_cave_entry_pillars_1,
          nicolae_lair_yak_garden
Lair:5:   beast_lair_carwin_9, grunt_megastairs_2, uniq_snorg
Lair:6:   gammafunk_lair_ancient_temple, dpeg_slime_entry_enclosed_altar
Orc:1:    uniq_fannar
Orc:2:    st_orc_mages, serial_shops, nicolae_shop_statue_plus,
          nicolae_shop_crystal, nicolae_shop_behind_doors, basic_altar
Lab:      labyrinth_skeletal_remains, nicolae_lab_hexagon,
          nicolae_lab_big_swirl, lab_statue, nicolae_lab_plus,
          nicolae_lab_quarters, nicolae_lab_arrow, labyrinth_fake_exit
Sewer:    sewer_co_purgy_island
Ossuary:  ossuary_due_small_catacomb
IceCv:    ice_cave_small_necro

Skill      XL: |  1  2  3  4  5  6  7  8  9 10 11 12 13 14 15 |
---------------+----------------------------------------------+-----
Stealth        | 3 4 6 7 8 9 10 12 13 | 13.4
Dodging        | 5 6 7 8 9 10 | 10.1
Spellcasting   | 1 2 3 4 5 6 7 8 10 11 | 11.6
Fighting       | 4 5 6 7 9 10 11 | 11.8
Unarmed Combat | 4 5 10 11 13 | 13.3
Fire Magic     | 1 3 5 6 7 |  7.2
Conjurations   | 1 2 3 5 6 7 |  7.2
Evocations     | 2 4 8 |  8.8
Hexes          | 5 8 10 | 10.0
Summonings     | 3 7 |  7.2
Translocations | 6 5 |  6.9

Action                   |  1- 3 |  4- 6 |  7- 9 | 10-12 | 13-15 || total
-------------------------+-------+-------+-------+-------+-------++-------
Melee: Unarmed           |   139 |   331 |   291 |   566 |   990 ||  2317
       Bite              |    15 |    39 |    25 |    70 |   120 ||   269
       Punch             |     3 |     4 |     7 |    17 |    58 ||    89
 Cast: Throw Flame       |       |       |     5 |   189 |   259 ||   453
       Conjure Flame     |       |       |     3 |    18 |     9 ||    30
       Sticky Flame      |       |       |     4 |   114 |   129 ||   247
       Fireball          |       |       |       |    34 |    90 ||   124
       Ensorcelled Hiber |       |       |       |     1 |    13 ||    14
Invok: Curse Item        |       |     2 |       |     1 |       ||     3
Evoke: Wand              |       |       |     9 |    27 |    15 ||    51
       Lightning rod     |       |       |       |     4 |       ||     4
       Box of beasts     |       |       |       |       |     1 ||     1
  Use: Scroll            |     3 |     3 |     7 |    17 |     3 ||    33
       Potion            |       |     1 |     1 |     1 |     3 ||     6
 Stab: Sleeping          |     6 |    24 |    26 |    39 |    59 ||   154
       Distracted        |     1 |     1 |     1 |     1 |    12 ||    16
       Paralysed         |       |       |     5 |     1 |       ||     6
       Petrified         |       |       |       |     1 |       ||     1
  Eat: Chunk             |    11 |    11 |     7 |    57 |   137 ||   223
Armor: Skin              |     5 |     3 |     8 |    21 |    74 ||   111
Dodge: Dodged            |    84 |   248 |   231 |   711 |  1089 ||  2363

Table legend:
 A = Spawn XP
 B = Non-spawn XP
 C = Spawn XP percentage of total XP
 D = Spawn monster count
 E = Non-spawn monster count
 F = Spawn count percentage of total count
 G = Total turns spent on level
                    A         B        C        D         E        F      G
               +---------+---------+-------+---------+---------+-------+---------
         Total |       0 |  140937 |   0.0 |       0 |     887 |   0.0 | 36254
               +---------+---------+-------+---------+---------+-------+---------
           D:1 |       0 |      34 |   0.0 |       0 |      14 |   0.0 |  1562
           D:2 |       0 |     329 |   0.0 |       0 |      40 |   0.0 |  1324
           D:3 |       0 |     219 |   0.0 |       0 |      21 |   0.0 |   995
           D:4 |       0 |     589 |   0.0 |       0 |      30 |   0.0 |  1417
           D:5 |       0 |    1308 |   0.0 |       0 |      13 |   0.0 |  1064
           D:6 |       0 |     681 |   0.0 |       0 |      17 |   0.0 |   891
           D:7 |       0 |    1050 |   0.0 |       0 |      18 |   0.0 |   947
           D:8 |       0 |    4042 |   0.0 |       0 |      33 |   0.0 |  1237
           D:9 |       0 |    2014 |   0.0 |       0 |      16 |   0.0 |   998
          D:10 |       0 |    4805 |   0.0 |       0 |      28 |   0.0 |  1865
          D:11 |       0 |    6026 |   0.0 |       0 |      36 |   0.0 |   671
          D:12 |       0 |    8995 |   0.0 |       0 |      51 |   0.0 |  1511
          D:13 |       0 |    6420 |   0.0 |       0 |      54 |   0.0 |  1487
          D:14 |       0 |   14006 |   0.0 |       0 |      31 |   0.0 |  1474
          D:15 |       0 |    2714 |   0.0 |       0 |       8 |   0.0 |    54
        Lair:1 |       0 |    6285 |   0.0 |       0 |      63 |   0.0 |  2742
        Lair:2 |       0 |    5481 |   0.0 |       0 |      24 |   0.0 |  1118
        Lair:3 |       0 |    7098 |   0.0 |       0 |      23 |   0.0 |  1223
        Lair:4 |       0 |    9838 |   0.0 |       0 |      31 |   0.0 |  1508
        Lair:5 |       0 |   11848 |   0.0 |       0 |      35 |   0.0 |  2587
        Lair:6 |       0 |   24497 |   0.0 |       0 |      79 |   0.0 |  2617
         Orc:1 |       0 |    3007 |   0.0 |       0 |      46 |   0.0 |   901
         Orc:2 |       0 |    8914 |   0.0 |       0 |      75 |   0.0 |  1808
           Lab |       0 |    4161 |   0.0 |       0 |      11 |   0.0 |  1486
         Sewer |       0 |       6 |   0.0 |       0 |       5 |   0.0 |   349
       Ossuary |       0 |     226 |   0.0 |       0 |      31 |   0.0 |   515
         IceCv |       0 |    6344 |   0.0 |       0 |      54 |   0.0 |  1903
               +---------+---------+-------+---------+---------+-------+---------
